Map: [ESL] Inside and Out

Players

ShoWTimE

  • Race: Protoss Protoss
  • Spawn Location: 7:00

Clem - Winner!

  • Race: Terran Terran
  • Spawn Location: 1:00

Event: DreamHack SC2 Masters 2022 Atlanta (Online)

VOD

Have the link to the VOD?

Description

Time

  • Played on: Oct. 15, 2022, 2:05 p.m.
  • Length: 19:28

All games in this series

Show
View Real Time Build Order
Export as new Build Order

ShoWTimE Protoss 

Build Orders: 1 Gate Expand, Oracle Opening, Phoenix Opening 

Get SALT Encoding   

  12  0:00  Probe  
  13  0:12  Probe  
  14  0:16  Pylon  
  14  0:24  Probe  
  15  0:34  Gateway  
  15  0:36  Probe (Chrono Boost)  
  16  0:46  Probe (Chrono Boost), Assimilator  
  17  0:51  Probe (Chrono Boost)  
  18  1:03  Probe  
  19  1:15  Probe  
  20  1:23  Cybernetics Core  
  20  1:32  Nexus  
  20  1:35  Probe  
  21  1:45  Pylon  
  21  1:47  Probe  
  21  1:53  Assimilator  
  22  1:59  Probe  
  22  2:00  Adept (Chrono Boost)  
  25  2:12  Shield Battery, Probe  
  25  2:21  Stargate  
  25  2:25  Probe  
  25  2:27  Adept (Chrono Boost)  
  26  2:35  Warp Gate  
  28  2:38  Probe (Chrono Boost)  
  29  2:45  Probe (Chrono Boost)  
  29  2:50  Adept  
  33  2:55  Probe x2 (Chrono Boost)  
  34  3:00  Probe (Chrono Boost)  
  34  3:01  Probe  
  36  3:05  Oracle (Chrono Boost)  
  36  3:12  Probe  
  40  3:14  Probe, Pylon  
  41  3:24  Probe  
  41  3:26  Probe  
  41  3:33  Gateway  
  41  3:36  Probe  
  41  3:38  Probe  
  45  3:46  Phoenix (Chrono Boost)  
  45  3:48  Probe  
  45  3:51  Probe  
  45  3:52  Gateway  
  46  4:00  Probe  
  46  4:01  Pylon  
  47  4:03  Probe  
  47  4:08  Phoenix (Chrono Boost)  
  50  4:12  Probe  
  51  4:17  Nexus  
  51  4:18  Probe  
  52  4:24  Probe  
  52  4:30  Phoenix  
  55  4:34  Probe, Pylon  
  55  4:36  Probe  
  57  4:41  Robotics Facility  
  57  4:44  Assimilator  
  57  4:46  Probe  
  57  4:47  Twilight Council, Assimilator  
  57  4:48  Probe  
  59  4:58  Probe  
  59  4:59  Gateway  
  60  5:00  Probe  
  60  5:03  Gateway  
  61  5:09  Sentry  
  61  5:10  Probe  
  61  5:13  Probe  
  65  5:15  Pylon  
  65  5:17  Charge (Chrono Boost)  
  65  5:22  Probe  
  65  5:23  Pylon  
  65  5:25  Probe  
  67  5:30  Robotics Bay, Probe  
  67  5:34  Probe  
  69  5:37  Probe  
  69  5:39  Observer (Chrono Boost)  
  69  5:40  Pylon  
  69  5:42  Probe  
  72  5:44  Shield Battery, Sentry  
  72  5:46  Probe  
  72  5:49  Probe  
  76  5:54  Probe  
  76  5:55  Immortal (Chrono Boost)  
  76  5:56  Pylon  
  81  5:58  Probe  
  81  6:01  Phoenix, Probe  
  85  6:05  Zealot x2  
  85  6:08  Probe  
  90  6:12  Zealot x2  
  90  6:13  Zealot  
  90  6:17  Pylon  
  96  6:27  Colossus (Chrono Boost)  
  96  6:32  Stalker x2  
  106  6:38  Zealot x3  
  112  6:41  Probe x3  
  112  6:42  Pylon  
  115  6:47  Pylon  
  115  6:49  Pylon  
  115  7:00  Probe x2, Pylon  
  117  7:01  Probe  
  117  7:04  Colossus (Chrono Boost)  
  122  7:12  Stalker x3  
  122  7:14  Probe  
  128  7:20  Probe  
  128  7:21  Probe  
  128  7:24  Phoenix, Pylon  
  128  7:26  Probe  
  128  7:29  Forge  
  131  7:31  Assimilator  
  131  7:34  Assimilator  
  131  7:35  Pylon  
  131  7:36  Extended Thermal Lance  
  131  7:37  Pylon  
  131  7:45  Gateway  
  131  7:46  Gateway  
  131  7:47  Gateway  
  131  7:51  Phoenix  
  131  7:54  Colossus (Chrono Boost)  
  139  8:00  Zealot  
  139  8:01  Zealot x2  
  139  8:04  Zealot x2  
  149  8:06  Protoss Ground Weapons Level 1 (Chrono Boost)  
  149  8:18  Pylon  
  146  8:22  Photon Cannon  
  146  8:23  Photon Cannon  
  146  8:25  Templar Archives  
  146  8:26  Zealot x3  
  152  8:33  Zealot x2  
  156  8:42  Warp Prism (Chrono Boost)  
  156  8:49  Templar Archives  
  156  8:51  Zealot x4  
  164  8:56  Pylon  
  164  8:58  Pylon  
  164  9:12  Pylon  
  164  9:13  Pylon x2  
  164  9:15  Pylon  
  162  9:26  High Templar x7  
  162  9:30  Archon  
  162  9:31  Archon x2  
  172  9:36  Nexus, Gateway  
  172  9:38  Gateway, High Templar, Pylon  
  172  9:42  Disruptor (Chrono Boost)  
  172  9:43  Archon  
  173  9:51  Pylon  
  173  9:58  Zealot x7  
  187  10:02  Protoss Ground Armor Level 1 (Chrono Boost)  
  141  10:22  Zealot x8  
  141  10:23  Disruptor (Chrono Boost)  
  124  10:31  Observer  
  118  10:40  Probe x3  
  118  10:41  Blink (Chrono Boost)  
  115  10:48  Zealot x3  
  119  10:50  Stalker x5  
  119  10:52  Disruptor (Chrono Boost)  
  132  11:01  Forge  
  130  11:09  Shield Battery  
  130  11:12  Shield Battery  
  130  11:15  Stalker x6  
  130  11:17  Disruptor (Chrono Boost)  
  139  11:28  Protoss Ground Weapons Level 2 (Chrono Boost)  
  139  11:30  Probe x3  
  141  11:37  Robotics Facility  
  141  11:38  Zealot  
  141  11:39  Zealot  
  145  11:40  Sentry  
  145  11:41  Zealot x4, Sentry  
  145  11:42  Zealot  
  159  11:48  Disruptor (Chrono Boost)  
  162  11:54  Protoss Ground Armor Level 2 (Chrono Boost)  
  162  11:55  Photon Cannon  
  160  12:01  Zealot  
  162  12:14  Nexus, Assimilator x2  
  160  12:16  Disruptor (Chrono Boost), Pylon  
  160  12:19  Photon Cannon  
  163  12:23  Disruptor  
  163  12:29  Zealot, Stalker x3  
  172  12:30  Zealot  
  173  12:38  Probe  
  173  12:47  Zealot x5  
  181  12:52  Disruptor  
  181  12:53  Zealot  
  181  12:58  Zealot x4  
  177  13:11  Stalker x3  
  177  13:12  Stalker  
  185  13:15  Zealot  
  185  13:25  Zealot  
  181  13:34  Stalker x5  
  189  13:42  Zealot  
  181  13:49  Zealot x4  
  185  13:56  Dark Shrine  
  185  14:01  Disruptor x2 (Chrono Boost)  
  185  14:02  Protoss Ground Weapons Level 3  
  176  14:20  Stalker x8  
  192  14:25  Observer x2 (Chrono Boost)  
  150  14:53  Disruptor  
  134  15:04  Stalker x10  
  134  15:06  Disruptor  
  135  15:25  Shadow Stride (Chrono Boost)  
  135  15:28  Pylon  
  135  15:29  Disruptor  
  135  15:30  Dark Templar x2  
  142  15:39  Stalker x4  
  150  15:44  Phoenix (Chrono Boost)  
  149  15:52  Nexus  
  147  16:00  Stalker x2  
  147  16:08  Stalker x3  
  153  16:15  Protoss Ground Armor Level 3  
  153  16:32  Dark Templar x5  
  158  16:33  Zealot  
  158  16:36  Observer  
  161  16:40  Pylon  
  135  17:00  Disruptor (Chrono Boost)  
  113  17:02  Zealot x5  
  113  17:07  Stalker x2  
  113  17:08  Stalker x2  
  122  17:23  Disruptor (Chrono Boost)  
  122  17:28  Disruptor (Chrono Boost)  
  115  17:38  Dark Templar x3  
  115  17:40  Observer  
  115  17:43  Zealot x7  
  135  18:05  Observer  
  131  18:06  Stalker x6  
  143  18:14  Dark Templar x2  
  141  18:28  Stalker x2  
  141  18:29  Stalker  
  147  18:37  Zealot x3  
  147  18:40  Disruptor  
  155  18:50  Zealot x2  
  157  18:57  Dark Templar  
  152  19:08  Zealot x2  
Show
View Real Time Build Order
Export as new Build Order

Clem Terran - Winner!

Build Orders:  

Get SALT Encoding   

  12  0:00  SCV  
  13  0:12  SCV  
  14  0:17  Supply Depot  
  14  0:24  SCV  
  15  0:39  SCV  
  15  0:40  Barracks  
  16  0:44  Refinery  
  16  0:51  SCV  
  16  0:52  Refinery  
  17  1:03  SCV  
  18  1:15  SCV  
  19  1:22  Supply Depot  
  19  1:31  Reaper, Orbital Command  
  20  1:40  Factory  
  20  1:57  SCV  
  21  2:04  Reaper  
  22  2:09  SCV  
  23  2:19  Command Center  
  23  2:21  SCV  
  24  2:28  Hellion  
  26  2:34  SCV  
  26  2:36  Reaper  
  28  2:38  Supply Depot  
  28  2:46  SCV  
  28  2:51  Hellion  
  30  2:54  Starport  
  30  2:58  SCV  
  31  3:09  Barracks Reactor  
  31  3:10  SCV  
  34  3:13  Widow Mine  
  33  3:22  SCV  
  34  3:31  Medivac  
  34  3:32  Orbital Command  
  38  3:34  SCV, Widow Mine  
  37  3:45  Marine x2  
  37  3:46  SCV  
  37  3:47  Barracks  
  37  3:55  Barracks, Factory Tech Lab  
  37  3:58  SCV x2  
  39  4:04  Viking  
  39  4:06  Marine  
  39  4:08  Marine  
  43  4:12  SCV  
  43  4:14  SCV  
  45  4:24  SCV, Marine  
  45  4:26  SCV, Marine  
  49  4:36  SCV  
  49  4:38  SCV  
  51  4:41  Stimpack  
  51  4:42  Supply Depot, Marine  
  51  4:43  Barracks Tech Lab  
  52  4:46  Engineering Bay, Factory Reactor  
  52  4:48  SCV, Marine, Starport Reactor  
  54  5:01  Supply Depot, Combat Shield  
  54  5:02  Refinery  
  54  5:04  SCV x2, Marauder, Marine  
  54  5:05  Marine  
  60  5:07  Marine  
  60  5:13  Supply Depot  
  61  5:14  Terran Infantry Weapons Level 1  
  61  5:16  SCV  
  61  5:19  Refinery  
  62  5:22  SCV  
  62  5:24  Marauder  
  62  5:25  Marine  
  62  5:26  Marauder  
  62  5:28  Marine  
  69  5:29  SCV  
  69  5:34  Medivac  
  72  5:35  Supply Depot  
  72  5:36  SCV  
  72  5:37  Medivac  
  72  5:41  Widow Mine  
  77  5:43  SCV  
  77  5:47  Supply Depot  
  78  5:57  Widow Mine, Marauder x2, Marine x2  
  86  6:08  SCV x2, Widow Mine  
  86  6:11  Command Center  
  90  6:15  Supply Depot  
  90  6:17  Marine x2  
  92  6:21  Marauder  
  94  6:36  SCV x2, Marauder, Barracks  
  94  6:37  Barracks  
  94  6:39  Supply Depot  
  98  6:45  Widow Mine x2  
  102  6:52  Concussive Shells  
  102  6:54  Supply Depot  
  102  7:00  Marine x2  
  102  7:01  SCV x2, Medivac, Marauder  
  110  7:13  Supply Depot  
  110  7:15  SCV x2, Marine  
  110  7:16  Widow Mine x2  
  110  7:18  Marine  
  110  7:21  Marine  
  117  7:22  Medivac  
  117  7:26  Orbital Command  
  117  7:27  SCV  
  117  7:28  Barracks Reactor, SCV, Barracks Tech Lab  
  119  7:31  Marine  
  119  7:34  Marauder  
  120  7:40  SCV x2  
  120  7:42  Widow Mine x2  
  120  7:43  Viking  
  128  7:46  Terran Infantry Armor Level 1  
  128  7:47  Marauder  
  128  7:49  Marauder  
  132  7:52  Supply Depot, SCV x3  
  135  8:00  Refinery  
  135  8:01  Marine  
  135  8:03  Marauder  
  135  8:04  SCV x3  
  141  8:10  Viking  
  141  8:14  Supply Depot  
  141  8:16  SCV x3, Viking  
  141  8:18  Marauder  
  148  8:22  Supply Depot  
  148  8:24  Marauder  
  148  8:26  Marauder  
  152  8:27  Ghost Academy  
  152  8:28  SCV x3  
  152  8:30  Marine  
  152  8:31  Refinery, Marine  
  157  8:35  Marine x2  
  157  8:38  Widow Mine x2  
  157  8:39  Marauder  
  157  8:41  Supply Depot  
  165  8:43  Viking  
  165  8:46  Viking, Marauder  
  163  8:49  Marine x2  
  163  8:58  Command Center  
  163  9:01  Ghost x2  
  167  9:06  Ghost  
  169  9:11  Armory  
  169  9:13  Engineering Bay, Enhanced Shockwaves  
  169  9:20  Viking x2  
  169  9:24  Marine x3  
  169  9:25  Marine  
  169  9:29  Ghost  
  169  9:30  Ghost  
  169  9:36  Ghost  
  171  9:42  Supply Depot  
  171  9:45  Marine x4  
  175  9:50  Supply Depot  
  174  9:53  Viking x2  
  174  9:58  Ghost  
  180  10:02  Terran Infantry Weapons Level 2  
  180  10:03  Ghost  
  180  10:04  Ghost  
  184  10:07  SCV x3  
  174  10:17  Marine  
  171  10:23  Marine x2  
  171  10:26  Marine, Ghost  
  155  10:28  Viking  
  155  10:33  Marauder, Ghost  
  155  10:34  Widow Mine  
  155  10:35  Widow Mine, Marine  
  160  10:38  SCV  
  160  10:39  SCV  
  160  10:40  Marine  
  160  10:41  SCV, Terran Infantry Armor Level 2  
  157  10:44  Marine  
  157  10:45  SCV  
  157  10:48  Marine  
  160  10:50  SCV  
  160  10:51  SCV  
  160  10:52  Marine  
  160  10:53  SCV  
  160  10:54  Marauder  
  160  10:55  Marine  
  166  10:58  Marine  
  166  11:01  Planetary Fortress  
  166  11:02  SCV  
  167  11:04  Marine  
  167  11:08  SCV x2  
  170  11:12  Refinery  
  170  11:13  Widow Mine  
  170  11:14  Widow Mine  
  170  11:17  Ghost  
  176  11:20  Ghost  
  176  11:21  SCV  
  176  11:25  Refinery, SCV  
  179  11:32  Terran Ship Weapons Level 1  
  179  11:35  SCV  
  179  11:37  Command Center  
  180  11:43  Missile Turret  
  180  11:47  Barracks  
  180  11:48  Barracks  
  180  11:52  Barracks, Ghost  
  180  11:53  Ghost  
  182  11:55  Missile Turret  
  182  11:58  Personal Cloaking  
  182  12:00  Marine x4  
  188  12:05  Marauder  
  190  12:14  Medivac x2, Starport  
  194  12:21  Marine x2, Ghost  
  194  12:22  Marine x2  
  200  12:25  Missile Turret  
  200  12:26  Missile Turret  
  200  12:38  Command Center  
  200  12:40  Barracks Reactor, Barracks Tech Lab x2  
  200  12:45  Terran Infantry Weapons Level 3  
  200  12:49  Fusion Core  
  200  12:52  Starport  
  200  13:00  Terran Infantry Armor Level 3  
  200  13:02  Marine  
  200  13:03  Marine  
  194  13:10  Marauder x2  
  196  13:23  Marine x2, Ghost  
  196  13:24  Liberator  
  196  13:26  Liberator x2  
  199  13:27  Marine  
  199  13:29  Marine  
  199  13:31  Terran Ship Weapons Level 2  
  199  13:32  Marine  
  199  13:34  Liberator  
  200  13:40  Marauder  
  198  13:45  Marine x2  
  198  13:48  Planetary Fortress  
  187  13:49  Marine x2  
  187  13:51  SCV x2, Marauder  
  187  13:52  SCV  
  187  13:55  Orbital Command  
  192  13:59  Marauder x3  
  192  14:02  Advanced Ballistics  
  198  14:03  Refinery  
  198  14:05  Refinery  
  198  14:06  Missile Turret  
  198  14:07  Medivac  
  198  14:08  Sensor Tower  
  197  14:12  Liberator  
  200  14:21  Sensor Tower  
  200  14:23  Missile Turret  
  200  14:27  Command Center  
  196  14:36  Liberator  
  196  14:37  Liberator  
  187  14:44  Liberator  
  190  14:51  Marine  
  161  14:54  Liberator, Marauder  
  161  14:55  Marine  
  161  14:56  Marauder  
  161  14:57  Marine  
  157  15:02  Marine  
  157  15:05  Marine  
  157  15:06  Marine  
  145  15:08  Marine x2  
  145  15:10  Marine  
  145  15:18  Liberator  
  145  15:20  Liberator, Marauder x2  
  155  15:24  SCV  
  155  15:25  SCV x3  
  155  15:27  Liberator  
  160  15:32  Orbital Command  
  160  15:36  SCV, Sensor Tower  
  160  15:37  Liberator, SCV x3  
  160  15:39  Marauder  
  165  15:44  Orbital Command  
  167  15:50  Marauder  
  167  15:52  Marauder  
  166  15:58  SCV x2  
  166  16:01  Liberator, Missile Turret  
  166  16:02  SCV  
  170  16:05  Marauder x2  
  170  16:08  Marauder  
  170  16:11  Marauder  
  178  16:15  Marauder, Marine  
  178  16:16  SCV  
  182  16:19  Marine  
  182  16:21  SCV  
  182  16:25  SCV  
  180  16:26  Marauder  
  180  16:27  Marauder  
  180  16:28  SCV, Marine  
  180  16:29  Marauder  
  180  16:31  SCV  
  180  16:32  Marauder  
  188  16:37  Liberator  
  191  16:44  Medivac x2  
  191  16:45  Marauder, Marine x2  
  187  16:47  Marine  
  187  16:48  Marine  
  187  16:49  Marauder  
  187  16:52  Marauder  
  188  16:55  Medivac, Marine x4  
  179  17:02  Marine  
  179  17:03  Marine  
  179  17:05  Marine  
  179  17:06  Marauder, Marine  
  185  17:10  Marauder  
  185  17:11  Refinery  
  185  17:13  Marauder x3  
  185  17:14  Medivac x2  
  197  17:20  Medivac  
  197  17:21  Missile Turret  
  197  17:23  Marine x2  
  197  17:26  Missile Turret, Marine  
  197  17:27  Medivac  
  197  17:28  Marauder, Marine x2  
  196  17:32  Marauder  
  196  17:35  Marauder  
  195  17:44  Medivac x2  
  199  17:56  Marine  
  199  17:57  Marine  
  198  18:00  Liberator  
  198  18:01  SCV x4  
  198  18:02  Marine  
  198  18:10  Marauder  
  198  18:13  SCV  
  198  18:17  Marine x2  
  198  18:18  Marauder  
  198  18:19  SCV  
  198  18:21  Marauder  
  198  18:23  Marauder  
  194  18:27  Orbital Command  
  194  18:30  Marine x3  
  194  18:32  SCV  
  194  18:34  Marauder  
  200  18:37  Marine x2  
  200  18:38  SCV  
  200  18:40  Ghost  
  200  18:41  Ghost  
  194  18:52  SCV, Medivac  
  194  18:55  Marauder, Marine  
  200  18:58  Marine  
  200  18:59  Marauder  
  196  19:06  Marine x2  
  196  19:09  Marine  
  200  19:11  Missile Turret  
Tags
 
Add a new tag
Caveats
  • Supply blocks, unpowered buildings, or Contaminate may cause inaccurate times.
  • Supply counts are checked every 10 seconds.